[Event "Team 45 45 League T91"]
[Site "Internet Chess Club"]
[Date "2022.01.14"]
[Round "1"]
[White "DeepPoo"]
[Black "ElValero"]
[Result "1-0"]
[WhiteElo "1694"]
[BlackElo "1641"]
[Opening "Trompowsky attack (Ruth, Opocenský opening)"]
[ECO "A45"]
[Time "09:16:02"]
[PlyCount "61"]
[TimeControl "2700+45"]

1. d4 Nf6 2. Bg5 d5 3. e3 Nbd7 4. Nd2 e5 5. dxe5 Nxe5 6. c3 Be7 7. Ngf3 Ng6 8.
Bd3 O-O 9. Qc2 c5 10. O-O b6 11. Rad1 Bb7 12. h4 Re8 13. Bb5 Rf8 14. Bd3 Nh5 15.
g4 Nf6 16. Bxf6 Bxf6 17. g5 Be5 18. h5 Nh4 19. Bxh7+ Kh8 20. Nxh4 Qxg5+ 21. Ng2
Qxh5 22. f4 Bd6 23. Kf2 Bxf4 24. Rh1 Bh2 25. Nf3 d4 26. Be4 Bxe4 27. Qxe4 Rae8
28. Qc2 dxe3+ 29. Nxe3 Rxe3 30. Kxe3 Re8+ 31. Kf2 {Black resigns} 1-0

[Event "Team 45 45 League T91"]
[Site "Internet Chess Club"]
[Date "2022.01.12"]
[Round "1"]
[White "QuieroAprender"]
[Black "filmdirector"]
[Result "0-1"]
[WhiteElo "1699"]
[BlackElo "1419"]
[Opening "Giuoco Pianissimo"]
[ECO "C55"]
[Time "20:01:53"]
[PlyCount "42"]
[TimeControl "2700+45"]

1. e4 e5 2. Nf3 Nc6 3. Bc4 Nf6 4. d3 Bc5 5. c3 d6 6. Nbd2 O-O 7. Bb3 a5 8. a4 h6
9. Nf1 Ng4 10. Be3 Nxe3 11. fxe3 Kh8 12. Qe2 f5 13. exf5 Bxf5 14. Ng3 Bg6 15.
O-O-O d5 16. h4 d4 17. e4 dxc3 18. bxc3 Qf6 19. Ng5 Qf4+ 20. Kc2 Qxg3 21. Ne6
Rf2 {White resigns} 0-1

[Event "Team 45 45 League T91"]
[Site "Internet Chess Club"]
[Date "2022.01.15"]
[Round "1"]
[White "Signofthetimes"]
[Black "julesraider"]
[Result "0-1"]
[WhiteElo "1549"]
[BlackElo "1505"]
[Opening "Sicilian: Sozin, Benkö variation"]
[ECO "B57"]
[Time "12:01:08"]
[PlyCount "108"]
[TimeControl "2700+45"]

1. e4 c5 2. Nf3 d6 3. Bc4 Nf6 4. Nc3 Nc6 5. d4 cxd4 6. Nxd4 Qb6 7. Nxc6 bxc6 8.
Bb3 Ba6 9. Bg5 e6 10. Bxf6 gxf6 11. Qf3 Qd4 12. Rd1 Qe5 13. Qe3 Rg8 14. g3 Qh5
15. Ne2 Bh6 16. f4 Bf8 17. Rd2 e5 18. c4 exf4 19. Nxf4 Qe5 20. Qd4 O-O-O 21.
Qxe5 dxe5 22. Rxd8+ Kxd8 23. Nd3 Bh6 24. Ke2 Bc8 25. Kf2 Ke7 26. Kf3 Bg4+ 27.
Kf2 Rd8 28. h3 Bf3 29. Kxf3 Rxd3+ 30. Kg4 Rd2 31. Rb1 Re2 32. Kf5 c5 33. Bd1 Re1
34. a3 Rf1+ 35. Kg4 a5 36. b3 Be3 37. Bc2 Rf2 38. Rb2 Bd4 39. Ra2 Bc3 40. Bb1
Rf1 41. Bc2 Ke6 42. Bd3 Rg1 43. Re2 Be1 44. Re3 Bf2 45. Rf3 Be1 46. Re3 h6 47.
Kh5 Bxg3 48. Rf3 Bf4 49. Be2 Re1 50. Bd3 Ra1 51. a4 Rg1 52. Be2 Rg5+ 53. Kh4 Rg2
54. Rd3 Rxe2 {White resigns} 0-1

[Event "Team 45 45 League T91"]
[Site "Internet Chess Club"]
[Date "2022.01.16"]
[Round "1"]
[White "fileman"]
[Black "janh"]
[Result "0-1"]
[WhiteElo "1812"]
[BlackElo "1964"]
[Opening "Queen's pawn game, Chigorin variation"]
[ECO "D02"]
[Time "14:10:26"]
[PlyCount "58"]
[TimeControl "2700+45"]

1. d4 d5 2. Nf3 Nc6 3. g3 Bg4 4. Bg2 e6 5. O-O Nf6 6. c4 Be7 7. Ne5 O-O 8. cxd5
exd5 9. Nc3 Be6 10. Nxc6 bxc6 11. Na4 Qd7 12. Bg5 Rab8 13. b3 Ba3 14. Bxf6 gxf6
15. Qd2 Kg7 16. Qa5 Bg4 17. f3 Bf5 18. Nc5 Bxc5 19. Qxc5 Qe6 20. Rfe1 Qe3+ 21.
Kh1 Rb6 22. Rac1 Re8 23. Qc3 Ra6 24. Qb2 h5 25. Bf1 h4 26. g4 Bg6 27. Kg2 f5 28.
Rc3 h3+ 29. Kxh3 Qf2 {White resigns} 0-1

[Event "Team 45 45 League T91"]
[Site "Internet Chess Club"]
[Date "2022.01.12"]
[Round "1"]
[White "mongmong"]
[Black "bobhill"]
[Result "0-1"]
[WhiteElo "1497"]
[BlackElo "1917"]
[Opening "Queen's pawn game"]
[ECO "D04"]
[Time "19:37:21"]
[PlyCount "122"]
[TimeControl "2700+45"]

1. d4 d5 2. Nf3 Nf6 3. e3 c6 4. Bd3 g6 5. O-O Bg7 6. c4 O-O 7. Nc3 Be6 8. Qe2
Nbd7 9. b3 a6 10. Bb2 Re8 11. Rfc1 h5 12. h3 Nf8 13. Ng5 Bh6 14. Nxe6 Nxe6 15.
cxd5 Nxd5 16. Nxd5 cxd5 17. Rc2 Ng5 18. Rac1 Qd6 19. Rc7 Rab8 20. Qc2 Ne6 21.
Rc3 Ng7 22. Rc7 Qf6 23. Qe2 Ne6 24. R7c2 Ng5 25. Rc7 Qe6 26. Qc2 Nh7 27. Qe2 Nf6
28. Qf3 Red8 29. Ba3 Bf8 30. Bb2 Ne8 31. R7c2 Nd6 32. Rc7 Nb5 33. Bxb5 axb5 34.
Qe2 Qa6 35. Bc3 Qa3 36. Qb2 e6 37. Qxa3 Bxa3 38. Rc2 Bd6 39. Ba5 Bxc7 40. Rxc7
Rdc8 41. Rxc8+ Rxc8 42. Bb4 Rc2 43. a3 Rb2 44. Kf1 Rxb3 45. Ke2 Rb2+ 46. Kf3 f5
47. g3 Kf7 48. Bc3 Rb3 49. Bb4 Kf6 50. h4 e5 51. dxe5+ Kxe5 52. Bf8 Kf6 53. Ke2
Rb2+ 54. Kf3 Ke6 55. Bg7 Rb3 56. Bf8 d4 57. Ke2 Kd5 58. exd4 Kxd4 59. Bg7+ Ke4
60. Bf8 Rb2+ 61. Kf1 Kf3 {White resigns} 0-1

[Event "Team 45 45 League T91"]
[Site "Internet Chess Club"]
[Date "2022.01.13"]
[Round "1"]
[White "olivermx"]
[Black "Rookmaster"]
[Result "1/2-1/2"]
[WhiteElo "1324"]
[BlackElo "1480"]
[Opening "Pirc defense"]
[ECO "B07"]
[Time "23:03:47"]
[PlyCount "122"]
[TimeControl "2700+45"]

1. e4 d6 2. d4 Nf6 3. Nc3 Nbd7 4. f4 e5 5. Nf3 exd4 6. Nxd4 Nb6 7. Bd3 Bg4 8.
Nf3 Be7 9. O-O O-O 10. Be3 Nbd7 11. b4 a6 12. Qe2 c6 13. Nd1 b5 14. Nf2 Bh5 15.
h3 Bxf3 16. Qxf3 c5 17. c3 c4 18. Bc2 Qc7 19. Rad1 a5 20. a3 axb4 21. axb4 Qb7
22. Ra1 Ra6 23. e5 Qxf3 24. gxf3 Rxa1 25. Rxa1 dxe5 26. Ra5 Nd5 27. Bd2 Rb8 28.
Ra7 Rd8 29. Ra5 exf4 30. Rxb5 N7f6 31. Ne4 Nxe4 32. Bxe4 Nf6 33. Bxf4 Nxe4 34.
fxe4 h6 35. Rd5 g5 36. Rxd8+ Bxd8 37. Bd6 Bb6+ 38. Kg2 f6 39. Kf3 Kf7 40. Kg4
Ke6 41. Bc5 Bc7 42. Bd4 Kf7 43. Kf5 h5 44. Bxf6 g4 45. hxg4 hxg4 46. Bd4 g3 47.
e5 g2 48. Ke4 Ke6 49. Kf3 g1=Q 50. Bxg1 Bxe5 51. Bd4 Bxd4 52. cxd4 Kd5 53. Ke3
c3 54. Kd3 c2 55. Kxc2 Kxd4 56. Kb3 Kd5 57. Ka4 Kc6 58. Ka5 Kc7 59. Ka6 Kb8 60.
Kb6 Ka8 61. Kc7 Ka7 {Game drawn by mutual agreement} 1/2-1/2

[Event "Team 45 45 League T91"]
[Site "Internet Chess Club"]
[Date "2022.01.14"]
[Round "1"]
[White "HomerSimpson"]
[Black "LookImYourVader"]
[Result "1-0"]
[WhiteElo "2012"]
[BlackElo "1771"]
[Opening "Queen's pawn, Mason variation"]
[ECO "D00"]
[Time "15:06:49"]
[PlyCount "71"]
[TimeControl "2700+45"]

1. d4 d5 2. Bf4 Nf6 3. e3 c5 4. c3 Nc6 5. Nd2 Qb6 6. Qb3 c4 7. Qc2 g6 8. e4 Nxe4
9. Nxe4 dxe4 10. Bxc4 Bg7 11. Ne2 O-O 12. Ng3 e5 13. dxe5 Nxe5 14. Bxe5 Bxe5 15.
Nxe4 Bf5 16. Bd3 Bxe4 17. Bxe4 Rad8 18. O-O Qc7 19. g3 Rd7 20. Rfe1 Rfd8 21. Re2
b6 22. Rae1 Bf6 23. h4 Qc5 24. Kg2 Re7 25. Bf3 Rde8 26. Rxe7 Rxe7 27. Rxe7 Qxe7
28. h5 Qe6 29. hxg6 hxg6 30. Qd3 Kg7 31. Qa6 Qd7 32. Bb7 Qd2 33. Qxa7 Qxb2 34.
Bd5 Qxc3 35. Qxf7+ Kh6 36. Be4 {Black resigns} 1-0

[Event "Team 45 45 League T91"]
[Site "Internet Chess Club"]
[Date "2022.01.16"]
[Round "1"]
[White "CPTsopiens"]
[Black "Portola"]
[Result "1/2-1/2"]
[WhiteElo "1778"]
[BlackElo "1749"]
[Opening "French: advance, Euwe variation"]
[ECO "C02"]
[Time "17:01:30"]
[PlyCount "71"]
[TimeControl "2700+45"]

1. e4 e6 2. d4 d5 3. e5 c5 4. c3 Nc6 5. Nf3 Bd7 6. Be2 cxd4 7. cxd4 Nge7 8. Nc3
a6 9. Bd3 Nc8 10. a3 Nb6 11. O-O Be7 12. Bc2 Na7 13. Ne1 Rc8 14. Be3 Nc4 15. Qg4
g6 16. Bc1 Nxa3 17. bxa3 Rxc3 18. Bb2 Rc7 19. Rc1 Bb5 20. Bd3 Rxc1 21. Bxc1 h5
22. Qe2 Qa5 23. Nc2 Bxd3 24. Qxd3 Qb5 25. Qe3 Nc6 26. Bd2 Qa4 27. Rc1 Qb5 28.
Qe1 Bd8 29. Rb1 Qc4 30. Qc1 b5 31. Qb2 O-O 32. Nb4 Nxb4 33. Bxb4 Re8 34. Rc1 Qd3
35. h3 Bg5 36. Rc2 {Game drawn by mutual agreement} 1/2-1/2

[Event "Team 45 45 League T91"]
[Site "Internet Chess Club"]
[Date "2022.01.14"]
[Round "1"]
[White "cyborg86"]
[Black "HomerSimpson"]
[Result "1-0"]
[WhiteElo "2300"]
[BlackElo "2005"]
[Opening "Caro-Kann: anti-anti-Caro-Kann defense"]
[ECO "B10"]
[Time "11:00:34"]
[PlyCount "75"]
[TimeControl "2700+45"]

1. e4 c6 2. c4 d5 3. cxd5 cxd5 4. exd5 Nf6 5. Nc3 Nxd5 6. Nf3 Nc6 7. Bb5 g6 8.
O-O Bg7 9. d4 O-O 10. h3 Bf5 11. Bg5 h6 12. Bh4 Ncb4 13. Qd2 a6 14. Bc4 Rc8 15.
Bb3 Re8 16. Rfe1 Nxc3 17. bxc3 Nd5 18. Rac1 Qa5 19. Ne5 g5 20. Bg3 e6 21. Nc4
Rxc4 22. Bxc4 Rc8 23. Bb3 Nb6 24. Qe2 Rxc3 25. Qd2 Rc5 26. Qxa5 Rxa5 27. Rc5
Rxc5 28. dxc5 Nd7 29. Bd6 Bd4 30. Rc1 Nf6 31. Rc4 e5 32. c6 bxc6 33. Rxc6 Ne4
34. g4 Bg6 35. Bxe5 Bxf2+ 36. Kg2 Kf8 37. Rxg6 fxg6 38. Bc2 {Black resigns} 1-0

[Event "Team 45 45 League T91"]
[Site "Internet Chess Club"]
[Date "2022.01.15"]
[Round "1"]
[White "laurenpar"]
[Black "achessman"]
[Result "1-0"]
[WhiteElo "1969"]
[BlackElo "1845"]
[Opening "Nimzovich-Larsen attack: classical variation"]
[ECO "A01"]
[Time "22:04:38"]
[PlyCount "75"]
[TimeControl "2700+45"]

1. b3 d5 2. Bb2 Bf5 3. Nf3 e6 4. g3 Nf6 5. Bg2 h6 6. d3 Be7 7. c4 c6 8. Nbd2 O-O
9. O-O Nbd7 10. a3 a5 11. Bc3 c5 12. Bb2 Bh7 13. cxd5 exd5 14. d4 b6 15. Ne5 Rc8
16. Rc1 Re8 17. Ndf3 Be4 18. Bh3 Rc7 19. Qd2 Bd6 20. Nxd7 Nxd7 21. dxc5 Nxc5 22.
Nd4 Be5 23. b4 axb4 24. axb4 Na4 25. Ba1 Qa8 26. Rxc7 Bxc7 27. Rc1 Be5 28. Bd7
Rf8 29. Bc6 Qa6 30. Bb5 Qa8 31. Qd1 Rc8 32. Rxc8+ Qxc8 33. Bxa4 Qc4 34. Bb3 Qc8
35. f3 Bg6 36. Nc6 Bd6 37. Qd4 Bf8 38. Ne7+ {Black resigns} 1-0

[Event "Team 45 45 League T91"]
[Site "Internet Chess Club"]
[Date "2022.01.15"]
[Round "1"]
[White "primerpaso"]
[Black "fishhead"]
[Result "1-0"]
[WhiteElo "1838"]
[BlackElo "1735"]
[Opening "English: symmetrical, main line with d4"]
[ECO "A39"]
[Time "14:00:55"]
[PlyCount "97"]
[TimeControl "2700+45"]

1. c4 Nf6 2. Nc3 g6 3. g3 Bg7 4. Bg2 c5 5. Nf3 Nc6 6. O-O O-O 7. d4 cxd4 8. Nxd4
Qb6 9. e3 Qb4 10. Qb3 Qxb3 11. axb3 e6 12. Rd1 Nb4 13. Ncb5 a6 14. Bd2 Nc6 15.
Nxc6 bxc6 16. Nd6 Rb8 17. b4 Ne8 18. Nxc8 Rxc8 19. Rxa6 Bxb2 20. Rb1 Bf6 21. b5
cxb5 22. cxb5 Nc7 23. Ra7 d5 24. b6 Ne8 25. Bb4 Be5 26. Bxf8 Kxf8 27. Bf1 Rb8
28. Ba6 Nf6 29. b7 Ke7 30. Rc1 Nd7 31. Rc8 Bd6 32. Ra8 e5 33. Kf1 h5 34. h4 f5
35. Ke2 f4 36. gxf4 exf4 37. Raxb8 Nxb8 38. Bb5 fxe3 39. Kxe3 Be5 40. Re8+ Kf6
41. Rc8 Ke7 42. Rc1 Kf6 43. Rg1 Bc7 44. Kd4 Bb6+ 45. Kxd5 Kf5 46. Kd6 Kf4 47.
Rxg6 Bd4 48. Rg8 Be5+ 49. Kd5 {Black resigns} 1-0

[Event "Team 45 45 League T91"]
[Site "Internet Chess Club"]
[Date "2022.01.15"]
[Round "1"]
[White "Sloggi"]
[Black "zugknightly"]
[Result "1/2-1/2"]
[WhiteElo "1914"]
[BlackElo "1929"]
[Opening "Nimzovich-Larsen attack: classical variation"]
[ECO "A01"]
[Time "22:02:23"]
[PlyCount "25"]
[TimeControl "2700+45"]

1. b3 d5 2. Bb2 c5 3. e3 Nc6 4. Nf3 f6 5. d4 cxd4 6. Nxd4 e5 7. Nxc6 bxc6 8. Be2
Bd6 9. O-O Ne7 10. c4 O-O 11. Qc2 Bf5 12. Qd2 Qd7 13. Rd1 {Game drawn by mutual
agreement} 1/2-1/2

[Event "Team 45 45 League T91"]
[Site "Internet Chess Club"]
[Date "2022.01.16"]
[Round "1"]
[White "Ajolote"]
[Black "cadmiumorange"]
[Result "1-0"]
[WhiteElo "1974"]
[BlackElo "1799"]
[Opening "Scandinavian defense"]
[ECO "B01"]
[Time "14:02:17"]
[PlyCount "81"]
[TimeControl "2700+45"]

1. e4 d5 2. exd5 Nf6 3. Nf3 Bg4 4. c4 c6 5. Nc3 cxd5 6. cxd5 Nbd7 7. h3 Bh5 8.
d4 a6 9. Be2 Nb6 10. Qb3 Nfxd5 11. Nxd5 Nxd5 12. Qxb7 Rc8 13. Qxa6 e6 14. Bb5+
Ke7 15. g4 Bg6 16. O-O f6 17. Bd2 Kf7 18. Ba5 Nc7 19. Qb7 Bd6 20. Rac1 Rb8 21.
Qc6 Rxb5 22. Bxc7 Bxc7 23. Qxc7+ Qe7 24. Qf4 Rd8 25. Rc7 Rd7 26. Rxd7 Qxd7 27.
Ne5+ Rxe5 28. dxe5 Qd3 29. f3 Qb5 30. Rf2 Qd3 31. Kg2 Qb1 32. a4 h5 33. a5 hxg4
34. hxg4 Bd3 35. Qd4 f5 36. a6 Qd1 37. Qd7+ Kf8 38. Qd6+ Kf7 39. gxf5 exf5 40.
a7 Be4 41. Qxd1 {Black resigns} 1-0

[Event "Team 45 45 League T91"]
[Site "Internet Chess Club"]
[Date "2022.01.14"]
[Round "1"]
[White "KidRattler"]
[Black "bluberrie"]
[Result "0-1"]
[WhiteElo "1700"]
[BlackElo "1901"]
[Opening "Philidor: Improved Hanham variation"]
[ECO "B07"]
[Time "12:01:59"]
[PlyCount "84"]
[TimeControl "2700+45"]

1. e4 d6 2. Nc3 Nf6 3. Nf3 e5 4. d4 Nbd7 5. Be2 Be7 6. h3 O-O 7. Bg5 c6 8. O-O
b5 9. a3 Bb7 10. b4 a5 11. Qd2 Re8 12. Bxf6 Nxf6 13. dxe5 dxe5 14. Qxd8 Bxd8 15.
Nd2 Be7 16. Na2 Red8 17. Bd3 axb4 18. axb4 Ra4 19. Nb3 Rda8 20. Nc3 Rxa1 21.
Rxa1 Rxa1+ 22. Nxa1 Bxb4 23. Ne2 Ne8 24. Nb3 Nd6 25. f3 c5 26. c3 Ba3 27. Na5
Ba8 28. c4 Bb4 29. f4 f6 30. fxe5 fxe5 31. cxb5 Bxa5 32. Nc1 c4 33. Bc2 Nxb5 34.
Kf2 Nd4 35. Ba4 Bxe4 36. Kg3 Bd2 37. Na2 Bb1 38. Kh4 Bxa2 39. g4 Be1+ 40. Kh5
g6+ 41. Kg5 Kg7 42. h4 h6# {White checkmated} 0-1

[Event "Team 45 45 League T91"]
[Site "Internet Chess Club"]
[Date "2022.01.16"]
[Round "1"]
[White "ChessG2011"]
[Black "tightfist"]
[Result "0-1"]
[WhiteElo "1515"]
[BlackElo "1496"]
[Opening "Scandinavian (center counter) defense"]
[ECO "B01"]
[Time "14:30:38"]
[PlyCount "134"]
[TimeControl "2700+45"]

1. e4 d5 2. exd5 Qxd5 3. Nc3 Qa5 4. Nf3 Nf6 5. Bc4 Bg4 6. h3 Bxf3 7. Qxf3 Qe5+
8. Qe2 Qxe2+ 9. Nxe2 e6 10. d3 Bd6 11. Be3 Nbd7 12. Nc3 Bb4 13. Bd2 Nb6 14. Bb3
O-O-O 15. a3 Be7 16. O-O-O Kb8 17. Kb1 h6 18. Rde1 Rd7 19. Ba4 Nxa4 20. Nxa4
Rhd8 21. Nc3 Bc5 22. f3 Bf2 23. Re2 Bg3 24. Be1 Bxe1 25. Rhxe1 b6 26. Ne4 Nxe4
27. fxe4 e5 28. Re3 f6 29. Kc1 c5 30. g4 Kc7 31. Kd2 c4 32. Kc3 cxd3 33. cxd3
Rd4 34. Rc1 Kb7 35. Kd2 Rc8 36. Rc3 Rxc3 37. bxc3 Ra4 38. Kc2 Rxa3 39. Kb2 Ra5
40. Kb3 Ra1 41. d4 exd4 42. cxd4 Rc1 43. e5 fxe5 44. dxe5 Rc7 45. Kb4 a6 46. Rd3
a5+ 47. Kb5 Rc5+ 48. Ka4 Rxe5 49. Rd7+ Kc6 50. Rxg7 Re4+ 51. Kb3 Re3+ 52. Ka4
Rxh3 53. g5 hxg5 54. Rg6+ Kb7 55. Rxg5 Ka6 56. Rg6 Rh4+ 57. Kb3 a4+ 58. Ka3 Ka5
59. Rg5+ b5 60. Rg8 Rh3+ 61. Ka2 a3 62. Ra8+ Kb4 63. Rb8 Rh2+ 64. Ka1 Ka4 65.
Rb7 b4 66. Rg7 Rh1+ 67. Ka2 b3# {White checkmated} 0-1

[Event "Team 45 45 League T91"]
[Site "Internet Chess Club"]
[Date "2022.01.15"]
[Round "1"]
[White "janh"]
[Black "jonesey"]
[Result "1/2-1/2"]
[WhiteElo "1951"]
[BlackElo "1856"]
[Opening "Old Indian defense"]
[ECO "A42"]
[Time "20:01:23"]
[PlyCount "121"]
[TimeControl "2700+45"]

1. d4 d6 2. c4 Nd7 3. Nc3 Ngf6 4. Bg5 c6 5. e3 Qa5 6. Bxf6 Nxf6 7. Bd3 e5 8. Ne2
Be7 9. O-O O-O 10. Qc2 Be6 11. b4 Qxb4 12. Rab1 Qa5 13. Rxb7 Bd8 14. c5 exd4 15.
exd4 dxc5 16. Ne4 cxd4 17. Nxd4 Bd5 18. Nxc6 Qxa2 19. Nxf6+ Bxf6 20. Bxh7+ Kh8
21. Qf5 Qd2 22. Qh5 Qh6 23. Qxd5 Qxh7 24. Nxa7 Rad8 25. Rd7 Kg8 26. Nc6 Rxd7 27.
Qxd7 Qc2 28. Ne7+ Kh8 29. Qh3+ Qh7 30. Qxh7+ Kxh7 31. Nd5 Bd4 32. Rd1 Ra8 33.
Kf1 Ra1 34. Rxa1 Bxa1 35. Ke2 Kg6 36. f4 Kf5 37. Kf3 Ke6 38. Ne3 Bd4 39. g4 g6
40. Ke4 Bg7 41. h4 Bf6 42. f5+ gxf5+ 43. Nxf5 Bb2 44. g5 Bc3 45. h5 Bb2 46. h6
Bh8 47. Ng7+ Ke7 48. Kf5 Kf8 49. Nh5 Kg8 50. Nf6+ Kf8 51. Nd7+ Ke8 52. Ne5 Kf8
53. Ng4 Kg8 54. Nf6+ Kf8 55. Nd7+ Ke8 56. Nb8 Kf8 57. Nc6 Kg8 58. Ke4 Kh7 59.
Kf5 Kg8 60. Nb8 Kf8 61. Nd7+ {Game drawn by repetition} 1/2-1/2

[Event "Team 45 45 League T91"]
[Site "Internet Chess Club"]
[Date "2022.01.17"]
[Round "1"]
[White "BRJAK0530"]
[Black "ANGELLR"]
[Result "1-0"]
[WhiteElo "1838"]
[BlackElo "1855"]
[Opening "French: Schlechter variation"]
[ECO "C01"]
[Time "18:00:24"]
[PlyCount "123"]
[TimeControl "2700+45"]

1. e4 e6 2. d4 d5 3. Bd3 dxe4 4. Bxe4 Nf6 5. Bf3 Nbd7 6. Bf4 c5 7. d5 exd5 8.
Bxd5 Nxd5 9. Qxd5 Be7 10. Nc3 O-O 11. O-O-O Qa5 12. Nf3 Nf6 13. Qe5 Re8 14. h3
Be6 15. Kb1 b5 16. Qc7 Qa6 17. Ng5 b4 18. Nxe6 bxc3 19. Nxc5 Bxc5 20. Qxc5 Rac8
21. Qd6 Qb5 22. b3 Rc6 23. Qd3 Qa5 24. Rhe1 Rec8 25. Re5 Qb6 26. Qd4 Qxd4 27.
Rxd4 h6 28. Rd3 g5 29. Be3 R8c7 30. Bd4 Kh7 31. g4 Kg6 32. f3 a6 33. a4 Rc8 34.
Bf2 R8c7 35. Ree3 Rc5 36. Re2 Rd5 37. Bd4 Rd6 38. Bxf6 Rxf6 39. Ka2 Rc5 40. Ree3
Rfc6 41. b4 Rc4 42. Kb3 a5 43. bxa5 Rf4 44. Rxc3 Ra6 45. Rc5 Rd4 46. Rd3 Rf4 47.
Rb5 Kh7 48. c4 h5 49. Rxg5 hxg4 50. hxg4 Rc6 51. c5 Rc8 52. Ka3 Ra8 53. Rf5 Rc4
54. Kb3 Rc1 55. Rc3 Rb8+ 56. Kc4 Ra1 57. c6 Rxa4+ 58. Kd3 Rd8+ 59. Ke3 Rc8 60.
c7 Kg7 61. Rd5 Kf6 62. Rd8 {Black resigns} 1-0

[Event "Team 45 45 League T91"]
[Site "Internet Chess Club"]
[Date "2022.01.13"]
[Round "1"]
[White "Portola"]
[Black "mmesser"]
[Result "0-1"]
[WhiteElo "1755"]
[BlackElo "1744"]
[Opening "Queen's pawn game, Darooha variation "]
[ECO "D02"]
[Time "21:00:41"]
[PlyCount "102"]
[TimeControl "2700+45"]

1. d4 Nf6 2. Nf3 d5 3. c3 Bf5 4. Bg5 Ne4 5. Bf4 e6 6. Nbd2 Nd7 7. Nxe4 Bxe4 8.
e3 Be7 9. Be2 O-O 10. O-O c5 11. Qb3 Qb6 12. Qxb6 Nxb6 13. Rfd1 Rac8 14. a4 Bc2
15. Rd2 Bxa4 16. b3 Bc6 17. Rxa7 Nd7 18. c4 dxc4 19. bxc4 cxd4 20. exd4 Be4 21.
c5 Rfd8 22. h3 f6 23. Bc4 Kf7 24. Re2 f5 25. Ng5+ Bxg5 26. Bxg5 Nf6 27. c6 Rxc6
28. Ba2 Ra6 29. Rxa6 bxa6 30. Bc4 a5 31. Be3 Bd5 32. Bd3 a4 33. Bc1 Bb3 34. Bb2
Nd5 35. Rd2 Rc8 36. g3 g5 37. Kf1 Kf6 38. Ke1 h5 39. Kf1 Kf7 40. Kg1 h4 41. Kg2
hxg3 42. fxg3 f4 43. Kf3 fxg3 44. Kxg3 Nf4 45. Be4 Bd5 46. Bb1 Rb8 47. Bc2 Rxb2
48. Bg6+ Kxg6 49. Rxb2 a3 50. Rb1 a2 51. Ra1 Ne2+ {White resigns} 0-1

[Event "Team 45 45 League T91"]
[Site "Internet Chess Club"]
[Date "2022.01.15"]
[Round "1"]
[White "pmarcal"]
[Black "ElValero"]
[Result "1-0"]
[WhiteElo "1667"]
[BlackElo "1625"]
[Opening "French: exchange variation"]
[ECO "C01"]
[Time "12:00:27"]
[PlyCount "71"]
[TimeControl "2700+45"]

1. e4 e6 2. d4 d5 3. exd5 exd5 4. Bd3 Bd6 5. h3 h6 6. Nf3 Ne7 7. O-O Nbc6 8. c3
Be6 9. Re1 Qd7 10. b3 g5 11. c4 Bb4 12. Ne5 Nxe5 13. Rxe5 O-O-O 14. Ba3 Bxa3 15.
Nxa3 dxc4 16. Bxc4 Bxc4 17. bxc4 Nc6 18. Rd5 Qe7 19. Qa4 a6 20. Rxd8+ Rxd8 21.
d5 Nd4 22. Qd1 Ne2+ 23. Kf1 Re8 24. Nc2 g4 25. Ne3 Ng3+ 26. Kg1 gxh3 27. Qg4+
Kb8 28. Qxg3 hxg2 29. Nxg2 Qb4 30. Qb3 Qc5 31. Rb1 b6 32. Qb4 Qd4 33. c5 Qxd5
34. cxb6 c6 35. Qf4+ Kb7 36. Qc7+ {Black resigns} 1-0

[Event "Team 45 45 League T91"]
[Site "Internet Chess Club"]
[Date "2022.01.14"]
[Round "1"]
[White "Portola"]
[Black "Signofthetimes"]
[Result "1/2-1/2"]
[WhiteElo "1747"]
[BlackElo "1569"]
[Opening "Queen's pawn"]
[ECO "A40"]
[Time "08:30:37"]
[PlyCount "69"]
[TimeControl "2700+45"]

1. d4 c6 2. Nf3 d5 3. c3 Nf6 4. Bg5 Bf5 5. Nbd2 e6 6. e3 Be7 7. Be2 Ne4 8. Bf4
Nd7 9. Nxe4 Bxe4 10. O-O g5 11. Bg3 h5 12. h3 Bxf3 13. Bxf3 h4 14. Bh2 Nf6 15.
Be5 Bd6 16. Bxd6 Qxd6 17. Qe2 O-O-O 18. c4 Rdg8 19. cxd5 Nxd5 20. e4 Ne7 21.
Rfd1 f5 22. d5 exd5 23. exd5 cxd5 24. Rd2 Re8 25. Qd3 Kb8 26. Rad1 Rhg8 27. Bxd5
Qxd5 28. Qxd5 Nxd5 29. Rxd5 g4 30. hxg4 fxg4 31. Rh5 Rh8 32. Rg5 Reg8 33. Rxg8+
Rxg8 34. Kh2 a6 35. Rd2 {Game drawn by mutual agreement} 1/2-1/2

[Event "Team 45 45 League T91"]
[Site "Internet Chess Club"]
[Date "2022.01.14"]
[Round "1"]
[White "scostanzo212"]
[Black "ivanson"]
[Result "1/2-1/2"]
[WhiteElo "1546"]
[BlackElo "1612"]
[Opening "King's Indian: orthodox variation"]
[ECO "E94"]
[Time "19:00:50"]
[PlyCount "84"]
[TimeControl "2700+45"]

1. d4 Nf6 2. c4 g6 3. Nc3 Bg7 4. e4 d6 5. Nf3 O-O 6. Be2 e5 7. O-O Na6 8. d5 Nc5
9. Qc2 a5 10. Ne1 Ne8 11. f3 f5 12. Be3 Nf6 13. b3 Bd7 14. a3 b6 15. Ra2 f4 16.
Bf2 h5 17. b4 Nb7 18. Nd3 Nh7 19. c5 bxc5 20. bxc5 dxc5 21. Nxc5 Nxc5 22. Bxc5
Re8 23. Bb5 Bxb5 24. Nxb5 Qd7 25. Qc4 Kh8 26. Rb2 c6 27. Nc3 cxd5 28. Qxd5 Qxd5
29. Nxd5 Rec8 30. Rb5 Rcb8 31. Rfb1 Rxb5 32. Rxb5 Bf8 33. a4 Bxc5+ 34. Rxc5 Nf8
35. Ne7 Kg7 36. Rb5 Kf6 37. Nc6 Nd7 38. Kf2 Ra6 39. Nxa5 Nb6 40. Nc6 Nxa4 41.
Ra5 Rxc6 42. Rxa4 Rc2+ {Game drawn by mutual agreement} 1/2-1/2

[Event "Team 45 45 League T91"]
[Site "Internet Chess Club"]
[Date "2022.01.14"]
[Round "1"]
[White "rubo"]
[Black "Kingofknights"]
[Result "1/2-1/2"]
[WhiteElo "1483"]
[BlackElo "1552"]
[Opening "Queen's pawn, Mason variation"]
[ECO "D00"]
[Time "15:30:19"]
[PlyCount "101"]
[TimeControl "2700+45"]

1. d4 d5 2. Bf4 c6 3. c4 Nf6 4. e3 Bf5 5. Qb3 Qb6 6. c5 Qxb3 7. axb3 e6 8. Nc3
Nbd7 9. Nf3 Be7 10. h3 O-O 11. Be2 a5 12. O-O Rfc8 13. Na4 Bc2 14. Nd2 Bd8 15.
Rfc1 Bg6 16. Rc3 Ne4 17. Nxe4 dxe4 18. Rac1 Bc7 19. Bxc7 Rxc7 20. g4 Nf6 21. Nb6
Ra7 22. Ra1 Nd5 23. Rc4 Ra6 24. Rca4 Nxb6 25. cxb6 Rxb6 26. Bc4 h5 27. Rxa5 hxg4
28. hxg4 Rc8 29. Kg2 Kf8 30. Ra8 Rxa8 31. Rxa8+ Ke7 32. Rg8 Kf6 33. Kg3 Ke7 34.
g5 Bh5 35. Rxg7 Bd1 36. g6 Kf6 37. Rxf7+ Kxg6 38. Re7 Bxb3 39. Rxe6+ Kf5 40.
Re5+ Kf6 41. Re6+ Kf5 42. Re5+ Kf6 43. Bxb3 Rxb3 44. Rxe4 Rxb2 45. Re5 b5 46.
Rc5 b4 47. Rxc6+ Ke7 48. Rb6 b3 49. f4 Rb1 50. Kg2 b2 51. f5 {Game drawn by
mutual agreement} 1/2-1/2

[Event "Team 45 45 League T91"]
[Site "Internet Chess Club"]
[Date "2022.01.15"]
[Round "1"]
[White "tightfist"]
[Black "g8wrb"]
[Result "1-0"]
[WhiteElo "1477"]
[BlackElo "1269"]
[Opening "Nimzovich-Larsen attack: modern variation"]
[ECO "A01"]
[Time "15:02:24"]
[PlyCount "73"]
[TimeControl "2700+45"]

1. b3 e5 2. Bb2 Nc6 3. e3 Nf6 4. Bb5 a6 5. Bxc6 bxc6 6. Bxe5 Bd6 7. Nf3 O-O 8.
O-O Re8 9. d4 Bb7 10. Nbd2 c5 11. Nc4 Bxf3 12. Qxf3 Bxe5 13. dxe5 d5 14. exf6
dxc4 15. Rfd1 Qxf6 16. Qxf6 gxf6 17. Rd7 cxb3 18. cxb3 c4 19. bxc4 Rac8 20. Kf1
Kf8 21. Rad1 Re7 22. Ke2 Ke8 23. R7d4 c5 24. Rh4 Rd7 25. Rxh7 Rdd8 26. Rh8+ Ke7
27. Rdxd8 Rxd8 28. Rxd8 Kxd8 29. Kd3 f5 30. e4 fxe4+ 31. Kxe4 Kc7 32. Ke5 Kb6
33. h4 Ka5 34. h5 Ka4 35. h6 Ka3 36. h7 Kxa2 37. h8=Q {Black resigns} 1-0